[Event "Early-Titled-Tuesday-Blitz-April-02-2024"]
[Site "Chess.com"]
[Date "2024.04.02"]
[Round "5"]
[White "LuisFSiles"]
[Black "OriTaichman"]
[Result "0-1"]
[WhiteElo "2360"]
[BlackElo "2567"]
[TimeControl "180+1"]
[EndTime "8:55:12 PDT"]
[Termination "OriTaichman won by resignation"]

1. e4 c5 2. Nf3 Nc6 3. c3 Nf6 4. e5 Nd5 5. d4 cxd4 6. cxd4 d6 7. Bc4 Nb6 8. Bb5 Bd7 9. exd6 e6 10. Bg5 Qb8 11.
O-O Bxd6 12. Nc3 O-O 13. Ne4 a6 14. Bd3 Bf4 15. g3 Bc7 16. Rc1 h6 17. Bd2 Ne7 18. Qe2 Bc6 19. Bb4 Nbd5 20. Bd2 Rd8 21. h4 Nf5 22.
Bb1 Bb5 23. Bd3 Bxd3 24. Qxd3 Qa7 25. Kg2 Bb6 26. Bc3 Rac8 27. Rfd1 Qb8 28. Ne5 f6 29. Ng6 Kf7 30. h5 Bc7 31. g4 Nh4+ 32. Nxh4 Nf4+ 33. Kf3 Nxd3 34. Rxd3 b5 35. Re1 Qb7 36. Ke3 b4 37.
Bd2 Bb6 38. Nf3 e5 39. Ke2 Bxd4 40. Rd1 Qxe4+ 0-1

[Event "Early-Titled-Tuesday-Blitz-April-02-2024"]
[Site "Chess.com"]
[Date "2024.04.02"]
[Round "5"]
[White "ChessFighter_2011"]
[Black "Zq1"]
[Result "1-0"]
[WhiteElo "2912"]
[BlackElo "2610"]
[TimeControl "180+1"]
[EndTime "8:55:13 PDT"]
[Termination "ChessFighter_2011 won on time"]

1. e4 c5 2. Nf3 d6 3. Bb5+ Bd7 4. c4 Nf6 5. Nc3 Nc6 6. O-O g6 7. d4 cxd4 8. Nxd4 Bg7 9. Be3 Ng4 10. Nxc6 bxc6 11. Bxc6 Nxe3 12. Bxd7+ Qxd7 13. fxe3 Bxc3 14. bxc3 Qe6 15. Qa4+ Kf8 16. c5 dxc5 17. Rad1 Kg7 18. Rd5 Rab8 19. Rxc5 Rb2 20. Qd4+ f6 21. e5 f5 22. a4 Rhb8 23. Rc7 R8b7 24. Rxb7 Rxb7 25. e4 Rd7 26. exf5 gxf5 27. Qf4 Rd3 28. Qg5+ Qg6 29.
Qxe7+ Kh6 30. Qh4+ Kg7 31. Qc4 Rd2 32. Qc7+ Kh6 33.
Qb7 f4 34. Qf3 1-0

[Event "Early-Titled-Tuesday-Blitz-April-02-2024"]
[Site "Chess.com"]
[Date "2024.04.02"]
[Round "5"]
[White "Matols"]
[Black "FMStan15"]
[Result "1-0"]
[WhiteElo "2360"]
[BlackElo "2113"]
[TimeControl "180+1"]
[EndTime "8:55:13 PDT"]
[Termination "Matols won on time"]

1. d4 Nf6 2. c4 g6 3. g3 d6 4. Bg2 Bg7 5. Nf3 O-O 6. Nc3 Nbd7 7. O-O e5 8. e4 exd4 9. Nxd4 Nc5 10. h3 a5 11. Re1 Re8 12. Rb1 c6 13. Bf4 Nh5 14. Be3 Nf6 15. Qc2 Bd7 16. Bf4 Qe7 17. Rbd1 Nh5 18. Bc1 Nf6 19. b3 Be6 20. Kh2 Red8 21. f4 Bc8 22. Ba3 Ne8 23. Nf3 Qc7 24. e5 b6 25. exd6 Nxd6 26. Bxc5 bxc5 27. Ne5 Bxe5 28. Rxe5 Bb7 29. Rxc5 Nf5 30. Rxd8+ Rxd8 31. Rxf5 gxf5 32. Qxf5 Rd2 33. Ne4 Rxg2+ 34. Kxg2 c5 35. Kf2 Bxe4 36. Qxe4 Qd6 37. Qe8+ Kg7 38. Qe5+ Qxe5 39. fxe5 Kg6 40. g4 Kg5 41. Kg3 h5 42. a3 h4+ 43. Kf3 Kg6 44.
Kf4 1-0

[Event "Early-Titled-Tuesday-Blitz-April-02-2024"]
[Site "Chess.com"]
[Date "2024.04.02"]
[Round "5"]
[White "LiamPutnam2008"]
[Black "CarlosjPineror"]
[Result "1-0"]
[WhiteElo "2925"]
[BlackElo "2679"]
[TimeControl "180+1"]
[EndTime "8:55:18 PDT"]
[Termination "LiamPutnam2008 won by resignation"]

1. d4 Nf6 2. Nf3 g6 3. Bf4 d6 4. Nbd2 Bg7 5. e3 O-O 6. h3 Nc6 7. Bh2 Nd7 8. Bd3 e5 9. c3 h6 10. O-O f5 11. dxe5 Ndxe5 12. Be2 Be6 13. Nd4 Bf7 14. N2f3 Nd7 15. Nxc6 bxc6 16. Nd4 Ne5 17. Bxe5 dxe5 18. Nxc6 Qe8 19. Qa4 Kh7 20. Bc4 Be6 21. Bxe6 Qxe6 22. Rad1 Rf6 23. Na5 Rb8 24. Rd2 e4 25. Nb3 Qb6 26. Rfd1 f4 27. Qxe4 fxe3 28. Qxe3 Qxe3 29. fxe3 h5 30. Rd7 Kh6 31. Rxc7 Re6 32. Rdd7 Be5 33. Rh7+ Kg5 34. Rc5 Kh4 35. Rf7 g5 36.
Nd2 g4 37. hxg4 hxg4 38. Rh7+ Kg5 39. Nc4 Rbe8 40. Nxe5 Rxe5 41. Rxe5+ Rxe5 42. Rxa7 Rxe3 43. Kf2 Rd3 44. Ra5+ Kf4 45. g3+ Ke4 46. Ra4+ Kf5 47. Rf4+ Kg5 48. Rd4 1-0

[Event "Early-Titled-Tuesday-Blitz-April-02-2024"]
[Site "Chess.com"]
[Date "2024.04.02"]
[Round "5"]
[White "maximnovik"]
[Black "BVB009"]
[Result "0-1"]
[WhiteElo "2592"]
[BlackElo "2843"]
[TimeControl "180+1"]
[EndTime "8:55:19 PDT"]
[Termination "BVB009 won by resignation"]

1. e4 c5 2. Nf3 e6 3. c3 d5 4. e5 Nc6 5. d4 Nge7 6. Na3 Bd7 7. Be2 cxd4 8. cxd4 Nf5 9. Nc2 Be7 10.
O-O h5 11. a3 g5 12. Bd3 g4 13. Bxf5 exf5 14. Nfe1 Na5 15. Nd3 Rc8 16. Ne3 Be6 17. Nf4 Qd7 18. Bd2 Nc4 19. Nxc4 Rxc4 20. Be3 h4 21. Qd2 Qb5 22. Rac1 Kd7 23. Rxc4 Qxc4 24. Rc1 Qb5 25. Qc2 Qb6 26. Nd3 a6 27. b4 h3 28. g3 Rb8 29. a4 Qd8 30. f3 Rc8 31.
Qxc8+ Qxc8 32. Rxc8 Kxc8 33. Kf2 Bd7 34. a5 Be6 35.
Bh6 Kc7 36. Ke3 Kc6 37. fxg4 fxg4 38. Nf4 Bxb4 39. Bg5 Bxa5 40. Be7 Bc3 41. Ne2 Bb2 42. Kf4 a5 43. Kg5 a4 44. Kf6 a3 45. Bxa3 Bxa3 46.
Nf4 Kd7 0-1

[Event "Early-Titled-Tuesday-Blitz-April-02-2024"]
[Site "Chess.com"]
[Date "2024.04.02"]
[Round "5"]
[White "Tejas_Rama"]
[Black "Yeritsyaan"]
[Result "1-0"]
[WhiteElo "2519"]
[BlackElo "2640"]
[TimeControl "180+1"]
[EndTime "8:55:19 PDT"]
[Termination "Tejas_Rama won by resignation"]

1. d4 Nf6 2. c4 e6 3. Nf3 Bb4+ 4. Bd2 c5 5. Bxb4 cxb4 6. a3 Qe7 7. e3 O-O 8. c5 bxa3 9. Rxa3 d6 10. b4 dxc5 11.
bxc5 Bd7 12. Bd3 Bc6 13. O-O Nbd7 14. Nbd2 e5 15. Bc2 Rfd8 16. Qb1 h6 17. Ne4 exd4 18. Nxf6+ Nxf6 19. exd4 Bxf3 20. Rxf3 Rxd4 21. Rc1 Rad8 22. g3 Rd2 23. Bb3 Qe5 24. Rf5 Qd4 25. Rf4 Qb2 26.
Ba4 Qxb1 27. Rxb1 R8d4 28. Rxb7 Rxf4 29. gxf4 Rd4 30. c6 Nd5 31. Bb3 Nb6 32. Rxb6 Re4 33.
Rb8+ Kh7 34. Bc2 1-0

[Event "Early-Titled-Tuesday-Blitz-April-02-2024"]
[Site "Chess.com"]
[Date "2024.04.02"]
[Round "5"]
[White "AniJak"]
[Black "PonyQueen07"]
[Result "1-0"]
[WhiteElo "2385"]
[BlackElo "2114"]
[TimeControl "180+1"]
[EndTime "8:55:19 PDT"]
[Termination "AniJak won on time"]

1. e4 c5 2. Nf3 Nc6 3. d4 cxd4 4. Nxd4 Nf6 5. Nc3 e5 6. Ndb5 d6 7. Bg5 a6 8. Na3 b5 9. Nd5 Be7 10. Bxf6 Bxf6 11. c3 O-O 12. Nc2 Rb8 13. Be2 Bg5 14. Bg4 Bb7 15. O-O Ne7 16. Nce3 Bxe3 17. Nxe3 Bxe4 18.
a4 f5 19. Be2 f4 20. f3 Qb6 21.
fxe4 Qxe3+ 22. Kh1 Qxe4 23. Bf3 Qg6 24. axb5 axb5 25.
Ra7 Nf5 26. Qd5+ Kh8 27. Rfa1 Ne3 28. Qc6 Qd3 29. h3 Rfe8 30. Ra8 Qg6 31. Be4 Qf7 32.
R1a7 Qf8 33. Rxb8 Rxb8 34. Qd7 d5 35. Bd3 e4 36. Bxb5 f3 37. Bf1 fxg2+ 38. Bxg2 1-0

[Event "Early-Titled-Tuesday-Blitz-April-02-2024"]
[Site "Chess.com"]
[Date "2024.04.02"]
[Round "5"]
[White "AccioChess"]
[Black "DonCiao"]
[Result "1-0"]
[WhiteElo "2470"]
[BlackElo "2017"]
[TimeControl "180+1"]
[EndTime "8:55:20 PDT"]
[Termination "AccioChess won by resignation"]

1. e4 c5 2. Nf3 Nc6 3. d4 cxd4 4. Nxd4 Nf6 5. Nc3 e5 6. Ndb5 d6 7. Nd5 Nxd5 8. exd5 Nb8 9. c4 a6 10. Qa4 Nd7 11.
Qa3 Nb6 12. Nc3 Be7 13. Be3 O-O 14. Be2 f5 15. c5 dxc5 16. Bxc5 Bxc5 17. Qxc5 Nd7 18.
Qb4 a5 19. Qa3 b6 20. O-O Nc5 21. b4 Na6 22. bxa5 bxa5 23. d6 Nb4 24. Bc4+ Kh8 25. Rad1 Ba6 26. Qb3 Bxc4 27. Qxc4 Rc8 28. Qb3 e4 29.
Nb5 Nd3 30. a4 Qd7 31. Qd5 Rc5 32. Qd4 Rfc8 33. f3 Rc4 34. Qb6 Rxa4 35. fxe4 fxe4 36.
Nc3 Rb4 37. Qxa5 Qxd6 38. Nxe4 Qd4+ 39. Nf2 Rb2 40. Rxd3 Qxf2+ 41. Rxf2 Rc1+ 42. Rf1 Rxf1+ 43. Kxf1 1-0

[Event "Early-Titled-Tuesday-Blitz-April-02-2024"]
[Site "Chess.com"]
[Date "2024.04.02"]
[Round "5"]
[White "Smiechu"]
[Black "Rashad_Zeynalli"]
[Result "0-1"]
[WhiteElo "2451"]
[BlackElo "2679"]
[TimeControl "180+1"]
[EndTime "8:55:21 PDT"]
[Termination "Rashad_Zeynalli won by resignation"]

1. e4 e5 2. Nf3 Nc6 3. Bb5 a6 4. Ba4 Nf6 5. Qe2 b5 6. Bb3 Bc5 7. a4 Rb8 8. axb5 axb5 9. Nc3 b4 10. Nd5 O-O 11. d3 Nxd5 12. Bxd5 Nd4 13. Nxd4 Bxd4 14.
O-O c6 15. Bb3 d6 16. Ra2 Kh8 17. Be3 Bxe3 18. Qxe3 f5 19. exf5 Bxf5 20. Ra7 Ra8 21. Rfa1 Rxa7 22. Rxa7 Qf6 23. Rb7 Ra8 24. Qa7 Qf8 25.
Rf7 Qd8 26. Rxg7 Rxa7 27. Rxa7 d5 28. h3 Qg5 29. Kh1 Qc1+ 30. Kh2 Qd2 31. Rc7 Qxf2 32. Rxc6 Qf4+ 33. Kh1 e4 34. Bxd5 e3 35. Bf3 Bxh3 36.
Kg1 Bg4 37. Rc4 e2 38. Bxe2 Qe3+ 39. Kh2 Qxe2 0-1

[Event "Early-Titled-Tuesday-Blitz-April-02-2024"]
[Site "Chess.com"]
[Date "2024.04.02"]
[Round "5"]
[White "Andrei_Skvortsov"]
[Black "DvaHrasta"]
[Result "0-1"]
[WhiteElo "2681"]
[BlackElo "2529"]
[TimeControl "180+1"]
[EndTime "8:55:21 PDT"]
[Termination "DvaHrasta won by resignation"]

1. c4 e5 2. Nc3 Nf6 3. g3 c6 4. d4 exd4 5. Qxd4 d5 6. cxd5 cxd5 7. Bg2 Nc6 8. Qd3 d4 9. Ne4 Bb4+ 10. Bd2 Bxd2+ 11.
Nxd2 O-O 12. Ngf3 Nb4 13. Qb3 a5 14. a3 Be6 15. Qd1 Nc6 16. O-O Re8 17. Nb3 Qb6 18. Nbxd4 Qxb2 19. Nxe6 Rxe6 20. e3 Rd8 21. Qb1 Qxb1 22.
Rfxb1 Re7 23. Rb5 h6 24. h3 Rd5 25. a4 Red7 26. Bf1 Ne4 27. Rb2 Nd2 28. Nxd2 Rxd2 29. Rxd2 Rxd2 30. Bg2 Rb2 31. Rd1 Rb4 32. Rd7 Rxa4 33.
Rxb7 Ne5 34. Bd5 g5 35. f4 gxf4 36. gxf4 Nc4 37. Bxf7+ Kh8 38. Kf2 Nd6 39. Rd7 Nf5 40. Be6 Nh4 41. Kg3 Ng6 42. Bf5 Nf8 43. e4 Nxd7 44. Bxd7 Rxe4 45. Kf3 Rd4 46. Be6 a4 47. Ke3 Rb4 48. f5 Kg7 0-1

[Event "Early-Titled-Tuesday-Blitz-April-02-2024"]
[Site "Chess.com"]
[Date "2024.04.02"]
[Round "5"]
[White "dealshark"]
[Black "RedFirePanda"]
[Result "0-1"]
[WhiteElo "2310"]
[BlackElo "2527"]
[TimeControl "180+1"]
[EndTime "8:55:21 PDT"]
[Termination "RedFirePanda won by checkmate"]

1. Nf3 Nf6 2. g3 g6 3. Bg2 Bg7 4. O-O O-O 5. c4 c6 6. Nc3 d5 7. d4 a6 8. b3 Bg4 9. Ne5 Bf5 10. Bb2 e6 11. Re1 Nbd7 12. Nxd7 Qxd7 13. e4 dxe4 14. Nxe4 Nxe4 15. Bxe4 Bxe4 16. Rxe4 Rad8 17. Qe2 Rfe8 18. Rd1 Qc8 19. Bc3 Rd7 20. Bb2 Red8 21. Kg2 Qc7 22. h4 h5 23. Ba1 Qb6 24. Bb2 Bxd4 25. Bxd4 Rxd4 26. Rexd4 Rxd4 27. Qe3 c5 28. Rxd4 cxd4 29. Qe2 Qc6+ 30. f3 b5 31. cxb5 axb5 32. Kf2 Qc5 33.
Qd3 b4 34. Ke2 Qc3 35. Qa6 Qc2+ 36. Ke1 d3 37. Qa8+ Kg7 38. Qd8 Qe2# 0-1

[Event "Early-Titled-Tuesday-Blitz-April-02-2024"]
[Site "Chess.com"]
[Date "2024.04.02"]
[Round "5"]
[White "Chess4always"]
[Black "smotherhubbard"]
[Result "1/2-1/2"]
[WhiteElo "2026"]
[BlackElo "2346"]
[TimeControl "180+1"]
[EndTime "8:55:21 PDT"]
[Termination "Game drawn by repetition"]

1. d4 Nf6 2. Bg5 e6 3. Bxf6 Qxf6 4. e3 b6 5. Nf3 Bb7 6. c4 Bxf3 7. Qxf3 Qxf3 8.
gxf3 c5 9. dxc5 bxc5 10. Nc3 Nc6 11. Bg2 Rb8 12. b3 Be7 13. O-O Bf6 14. Rac1 Nb4 15. a3 Nd3 16. Rc2 Rxb3 17. Nb5 a6 18. Nc7+ Ke7 19.
Nxa6 Ra8 20. Nc7 Raxa3 21. f4 Rc3 22. Rd2 Rxc4 23. Rfd1 Rcc3 24. Nb5 c4 25. Nxa3 Rxa3 26. Be4 Nc5 27. Bc2 d5 28. Rb1 Bc3 29. Rdd1 Ra2 30.
Bxh7 g6 31. Rb5 Nd3 32. Rb7+ Kf8 33. Rb8+ Kg7 34. Bg8 Nxf2 35. Rdb1 Ng4 36. R1b7 Nh6 37. Bxf7 Nxf7 38. Re8 Bd2 39. Rxe6 c3 40. Ree7 c2 41. Rxf7+ Kg8 42. Rg7+ Kf8 43. Rgf7+ Ke8 44. Rfe7+ Kd8 45.
Red7+ Ke8 46. Re7+ Kf8 47. Rf7+ Ke8 48. Rfe7+ 1/2-1/2

[Event "Early-Titled-Tuesday-Blitz-April-02-2024"]
[Site "Chess.com"]
[Date "2024.04.02"]
[Round "5"]
[White "LeninGuerra"]
[Black "RealPerangel"]
[Result "1-0"]
[WhiteElo "2719"]
[BlackElo "2523"]
[TimeControl "180+1"]
[EndTime "8:55:22 PDT"]
[Termination "LeninGuerra won by resignation"]

1. e4 d5 2. exd5 Qxd5 3. d4 Nc6 4.
Nf3 Bg4 5. Be2 O-O-O 6. Be3 e5 7.
c4 Qa5+ 8. Bd2 Qa6 9. d5 Bxf3 10. Bxf3 Nd4 11. b3 Qg6 12. O-O Nf6 13. Nc3 e4 14.
Be2 Bb4 15. a3 Bxc3 16. Bxc3 Nf5 17. h3 h5 18. Qc2 Rhe8 19. Rfe1 Nh4 20. g3 Nf5 21.
Kh2 Re7 22. Bf1 Rde8 23. Bg2 e3 24. c5 Ne4 25. Bxe4 Rxe4 26. c6 bxc6 27. dxc6 Qxc6 28.
Rac1 exf2 29. Qxf2 g6 30. Bb4 Rxe1 31. Rxc6 R8e2 32. Bxe1 Rxf2+ 33. Bxf2 Kd7 34. Ra6 Nd6 35. Rxa7 Ne4 36. Kg2 Kc6 37. Ra4 Kd5 38. Rxe4 Kxe4 39. a4 1-0

[Event "Early-Titled-Tuesday-Blitz-April-02-2024"]
[Site "Chess.com"]
[Date "2024.04.02"]
[Round "5"]
[White "KNVB"]
[Black "Nf3c5"]
[Result "0-1"]
[WhiteElo "2794"]
[BlackElo "2608"]
[TimeControl "180+1"]
[EndTime "8:55:24 PDT"]
[Termination "Nf3c5 won on time"]

1. e4 c5 2. e5 Nc6 3. c3 Nxe5 4. d4 cxd4 5. cxd4 Ng6 6. h4 e6 7. Nc3 d5 8. Bd3 Bd6 9. h5 N6e7 10. Qg4 Kf8 11. Nf3 Nf6 12. Qh4 h6 13. Bf4 Nf5 14. Bxf5 exf5 15. O-O-O Bxf4+ 16. Qxf4 Be6 17. Ne5 Rc8 18. f3 b5 19. Kb1 Qa5 20. Rc1 b4 21.
Ne2 Qa6 22. Ng3 Kg8 23. Rxc8+ Qxc8 24. Rc1 Qa6 25. Nxf5 Kh7 26. Nxh6 Rc8 27. Rxc8 Qxc8 28. Nhxf7 Bf5+ 29. Qe4 Nxe4 30. fxe4 Bxe4+ 0-1

[Event "Early-Titled-Tuesday-Blitz-April-02-2024"]
[Site "Chess.com"]
[Date "2024.04.02"]
[Round "5"]
[White "Binary010"]
[Black "Payyappat"]
[Result "1-0"]
[WhiteElo "2790"]
[BlackElo "2526"]
[TimeControl "180+1"]
[EndTime "8:55:25 PDT"]
[Termination "Binary010 won on time"]

1. d4 Nf6 2. c4 c5 3. d5 e6 4. Nc3 exd5 5. cxd5 d6 6. Nf3 g6 7. Bf4 Bg7 8. Nd2 O-O 9. h3 Re8 10. e3 Bf5 11. Be2 a6 12. a4 Nbd7 13. Bxd6 Qb6 14. Nc4 Qb4 15. O-O Ne4 16. Na2 Nxd6 17. Nxb4 Nxc4 18.
Bxc4 cxb4 19. Bd3 Bxd3 20. Qxd3 Bxb2 21. Rab1 Bc3 22. Rfc1 Rac8 23. a5 Ne5 24. Qd1 Rc5 25. e4 Nc4 26. Rxc3 bxc3 27. Qd4 Nd2 28. Qxc5 Nxb1 29.
d6 Rd8 30. e5 Kg7 31. Qc7 Rf8 32. d7 Nd2 33. Qxc3 Ne4 34. Qd4 1-0

[Event "Early-Titled-Tuesday-Blitz-April-02-2024"]
[Site "Chess.com"]
[Date "2024.04.02"]
[Round "5"]
[White "stolencandy13"]
[Black "ActorXu"]
[Result "1-0"]
[WhiteElo "2664"]
[BlackElo "2837"]
[TimeControl "180+1"]
[EndTime "8:55:26 PDT"]
[Termination "stolencandy13 won by resignation"]

1. d4 Nf6 2. Bf4 c5 3. e3 Qb6 4. Nc3 d6 5. Rb1 a6 6. Nf3 g6 7.
Bc4 Bg7 8. O-O O-O 9. h3 Nbd7 10. Re1 Qc7 11. a4 b6 12. Qe2 Bb7 13. Rbd1 h6 14.
Bh2 e5 15. dxe5 Nxe5 16. Nxe5 dxe5 17. Qd3 Rad8 18. Qxg6 Qe7 19. Qf5 Nh7 20. Nd5 Bxd5 21. Bxd5 b5 22. axb5 axb5 23. c3 c4 24. Be4 Ng5 25. Bc2 Rxd1 26. Rxd1 Rd8 27. h4 Rxd1+ 28. Bxd1 Nh7 29. Bc2 Nf8 30. h5 Qd6 31. Bg3 Qd2 32. Bh4 Qc1+ 33. Kh2 Qxb2 34. Be4 Qxc3 35. Bd5 Ne6 36. Bxe6 fxe6 37. Qxe6+ Kh8 38. Qe8+ Kh7 39.
Qg6+ Kh8 40. Bf6 Bxf6 41. Qxf6+ Kg8 42. Qg6+ Kf8 43. Qxh6+ Kg8 44. Qg6+ Kh8 45. Qf6+ Kh7 46. h6 1-0

[Event "Early-Titled-Tuesday-Blitz-April-02-2024"]
[Site "Chess.com"]
[Date "2024.04.02"]
[Round "5"]
[White "Beca95"]
[Black "jumpingknight20"]
[Result "1/2-1/2"]
[WhiteElo "2936"]
[BlackElo "2689"]
[TimeControl "180+1"]
[EndTime "8:55:27 PDT"]
[Termination "Game drawn - insufficient material"]

1. d4 Nf6 2. c4 e6 3. Nc3 d5 4. Nf3 Bb4 5. Bg5 h6 6. Bxf6 Qxf6 7. e3 O-O 8. Rc1 c5 9. dxc5 dxc4 10. a3 Bxc5 11. Ne4 Qe7 12. Nxc5 Qxc5 13. Rxc4 Qe7 14.
Qc1 Nc6 15. Be2 e5 16. O-O Be6 17. Rc5 Rac8 18. b4 e4 19. Nd2 f5 20. Qc3 Nb8 21.
Rc1 Rxc5 22. Qxc5 Qxc5 23. Rxc5 Rd8 24. Nc4 Na6 25. Re5 Kf7 26. f4 exf3 27. gxf3 Kf6 28. f4 Nc7 29. Rc5 Nd5 30. Kf2 b6 31. Rc6 Ne7 32.
Rc7 Rc8 33. Rxc8 Nxc8 34. Ne5 Nd6 35. Nc6 Ne4+ 36. Ke1 Nc3 37. Bd3 Bd7 38. Nxa7 Nd5 39. Kd2 Nc7 40. b5 Ke6 41. a4 Kd6 42. Kc3 Kc5 43.
e4 fxe4 44. Bxe4 Ne6 45. f5 Nd4 46. h4 Bxf5 47. Bxf5 Nxf5 48. Nc6 Nxh4 49. Nb8 Kd6 50. Kd3 Nf5 51. Nc6 g5 52. a5 bxa5 53. Nxa5 Kc5 54. Ke4 Nd6+ 55. Kf3 Kxb5 56. Nb3 Kc4 57. Nc1 h5 58. Ne2 Kd5 59. Ng3 h4 60. Nf1 Ke5 61. Kg4 Kf6 62. Ne3 Kg6 63. Nd5 Nf7 64. Ne7+ Kf6 65.
Nd5+ Ke6 66. Ne3 Ke5 67. Ng2 Kf6 68. Nxh4 Ne5+ 69. Kh3 gxh4 70. Kxh4 1/2-1/2

[Event "Early-Titled-Tuesday-Blitz-April-02-2024"]
[Site "Chess.com"]
[Date "2024.04.02"]
[Round "5"]
[White "Schattman"]
[Black "trriinu"]
[Result "1-0"]
[WhiteElo "2513"]
[BlackElo "2291"]
[TimeControl "180+1"]
[EndTime "8:55:27 PDT"]
[Termination "Schattman won on time"]

1. d4 g6 2. h4 h5 3. e4 d5 4. exd5 Qxd5 5. Nc3 Qa5 6. Bf4 Bg7 7. Qd2 Bg4 8. f3 Be6 9. Nb5 Qxd2+ 10. Kxd2 Na6 11. c3 c6 12. Na3 Nb8 13. Nh3 Nd7 14. Ng5 Bf5 15. Be2 Ngf6 16. Rhg1 Nd5 17. Bh2 N7f6 18. g4 hxg4 19. fxg4 Bd7 20. Bg3 Nxg4 21. Nc4 f6 22.
Ne4 Bh6+ 23. Ke1 Nge3 24. Nxe3 Nxe3 25. Kf2 Nf5 26. Nc5 Be3+ 27. Kf3 Bxg1 28. Rxg1 Nxg3 29. Rxg3 Bf5 30. Bc4 b6 31. Ne6 Rxh4 32. Ng7+ Kd7 33. Nxf5 gxf5 34. Bd3 1-0

[Event "Early-Titled-Tuesday-Blitz-April-02-2024"]
[Site "Chess.com"]
[Date "2024.04.02"]
[Round "5"]
[White "martinmena"]
[Black "BashirliSaadat"]
[Result "1-0"]
[WhiteElo "2167"]
[BlackElo "2355"]
[TimeControl "180+1"]
[EndTime "8:55:27 PDT"]
[Termination "martinmena won by resignation"]

1. c4 e6 2. g3 Nf6 3. Bg2 d5 4. Nf3 c6 5. O-O Bd6 6. d4 O-O 7. Nc3 Re8 8. b3 Nbd7 9. Bb2 b6 10. Qc2 Bb7 11. e4 dxe4 12. Nxe4 Nxe4 13. Qxe4 Nf6 14. Qd3 c5 15. dxc5 Bxc5 16. Rad1 Qe7 17. Bxf6 Qxf6 18.
Qe2 Rad8 19. Ne5 Bxg2 20. Kxg2 Qe7 21. Qf3 Qc7 22. Nc6 Rd6 23. Rxd6 Bxd6 24. Rd1 Rc8 25. Nxa7 Qxa7 26. Rxd6 Rb8 27. a4 Qc7 28. Qc6 Qe7 29.
Qd7 Qf8 30. Qc7 h6 31. Rxb6 Rc8 32. Qd6 Qe8 33. c5 Rd8 34. Qc7 Rc8 35. Qb7 Rd8 36. Rd6 Rb8 37. Qd7 Qxd7 38. Rxd7 Rxb3 39. c6 Rc3 40. c7 Kh7 41. a5 Kg6 42. a6 Kf6 43. a7 1-0

[Event "Early-Titled-Tuesday-Blitz-April-02-2024"]
[Site "Chess.com"]
[Date "2024.04.02"]
[Round "5"]
[White "Boorchess"]
[Black "newauto"]
[Result "1-0"]
[WhiteElo "2537"]
[BlackElo "2200"]
[TimeControl "180+1"]
[EndTime "8:55:28 PDT"]
[Termination "Boorchess won on time"]

1. d4 d5 2. c4 c6 3. cxd5 cxd5 4. Nc3 Nc6 5. e4 Nf6 6. f3 g6 7. e5 Ng8 8. Be3 Bg7 9. Qd2 Bf5 10. Bb5 a6 11. Ba4 h5 12. Nge2 e6 13. g3 Bh3 14.
Kf2 b5 15. Bb3 Na5 16. Nf4 Nxb3 17. axb3 Bf5 18. h3 g5 19. Nfe2 f6 20. g4 Bg6 21.
exf6 Bxf6 22. Kg2 Nh6 23. Rae1 Ra7 24. Ng3 hxg4 25. hxg4 Rah7 26. Nh5 Be7 27. Rh3 Nf7 28. Reh1 Kd7 29. Ne2 Qb8 30. Neg3 b4 31. Rc1 Qb5 32.
Rhh1 Rc8 33. Rxc8 Kxc8 34. Rc1+ Kb7 35. Qf2 Bxh5 36. Nxh5 Nd6 37. Qc2 Qb6 38. Qxh7 1-0

[Event "Early-Titled-Tuesday-Blitz-April-02-2024"]
[Site "Chess.com"]
[Date "2024.04.02"]
[Round "5"]
[White "KetiTsatsalashvili"]
[Black "IshviAggarwal"]
[Result "1-0"]
[WhiteElo "2433"]
[BlackElo "2154"]
[TimeControl "180+1"]
[EndTime "8:55:28 PDT"]
[Termination "KetiTsatsalashvili won by resignation"]

1. d4 d5 2. Nf3 Nf6 3. c4 e6 4. cxd5 exd5 5. Nc3 c6 6. Bg5 Be7 7. e3 Nbd7 8. Bd3 h6 9. Bh4 Nh5 10. Bxe7 Qxe7 11. O-O O-O 12. Ne5 Nxe5 13. dxe5 Qxe5 14. Rc1 Nf6 15. b4 Bg4 16. Qc2 a5 17. b5 c5 18.
Na4 c4 19. Be2 Bxe2 20. Qxe2 Rac8 21. Rfd1 Rfd8 22. Nb6 Rb8 23. Qf3 Ne4 24. Rd4 Qe6 25. Nxc4 Ng5 26. Qd1 Qg6 27. Ne5 Qe6 28. Nf3 Ne4 29. h3 Rbc8 30. Rxc8 Rxc8 31. Rxd5 Nc3 32. Rd8+ Kh7 33. Ng5+ hxg5 34. Qh5+ Qh6 35. Qxh6+ gxh6 36. Rxc8 Nxb5 37. Rc5 Nd6 38. Rxa5 Ne4 39. Rb5 Nc3 40. Rxb7 Nxa2 41. Rxf7+ Kg6 42. Rc7 1-0

[Event "Early-Titled-Tuesday-Blitz-April-02-2024"]
[Site "Chess.com"]
[Date "2024.04.02"]
[Round "5"]
[White "Alexander_Donchenko"]
[Black "Jospem"]
[Result "1-0"]
[WhiteElo "2908"]
[BlackElo "3053"]
[TimeControl "180+1"]
[EndTime "8:55:31 PDT"]
[Termination "Alexander_Donchenko won by resignation"]

1. c4 c5 2. g3 Nc6 3. Bg2 g6 4. Nc3 Bg7 5. Nf3 d6 6. O-O e6 7. e3 Nge7 8. d4 O-O 9. b3 Nf5 10. Ne2 e5 11. dxe5 dxe5 12. Rb1 Nd6 13. Bb2 e4 14. Nd2 Bxb2 15. Rxb2 Qf6 16. Qa1 Re8 17. Nb1 Nb4 18. Nbc3 Qe5 19. Rd2 Bf5 20. Nd5 Nxd5 21.
Rxd5 Qe7 22. Rxc5 Rad8 23. Nf4 Nc8 24. Rd5 Nb6 25. Rxd8 Rxd8 26. Rd1 Rxd1+ 27. Qxd1 Qa3 28. g4 Bc8 29. Bxe4 Nd7 30. Qd2 Qe7 31. Bg2 Ne5 32. h3 Qg5 33. Qd6 Kg7 34. h4 Qf6 35. Qxf6+ Kxf6 36. g5+ Ke7 37. Nd5+ Kd6 38. Nf6 Bf5 39. Bxb7 Bb1 40. Ne4+ Kc7 41. Bd5 Bxa2 42. Nd2 a5 43.
f4 Nd3 44. Bxf7 Nc5 45. f5 gxf5 46. h5 Kd6 47. g6 hxg6 48. h6 Ke7 49. h7 Nxb3 50. Nxb3 Bxb3 51. Bd5 Bxc4 52. Bxc4 Kd6 53. h8=Q Kc5 54. Qd4+ 1-0

[Event "Early-Titled-Tuesday-Blitz-April-02-2024"]
[Site "Chess.com"]
[Date "2024.04.02"]
[Round "5"]
[White "nekotyanof"]
[Black "TigrVShlyape"]
[Result "0-1"]
[WhiteElo "2671"]
[BlackElo "2906"]
[TimeControl "180+1"]
[EndTime "8:55:32 PDT"]
[Termination "TigrVShlyape won by resignation"]

1. e4 e5 2. Nf3 Nc6 3. Bc4 Nf6 4. d3 h6 5. O-O d6 6. a4 g6 7.
Nc3 Bg7 8. Re1 O-O 9. h3 Kh7 10. Bd2 a6 11. Ne2 d5 12. exd5 Nxd5 13. Nc3 Be6 14. Ne4 b6 15. c3 Qd7 16. Qc1 f5 17. Ng3 Qd6 18. Qc2 Rfe8 19. Rad1 Nf6 20. Bc1 Bxc4 21.
dxc4 Qc5 22. b3 Rad8 23. Be3 Qf8 24. Bc1 Rxd1 25. Rxd1 Qf7 26. Nf1 e4 27. Nd4 Ne5 28.
Ne3 Nd3 29. Ba3 c5 30. Ne2 f4 31. Nd5 Nxd5 32. cxd5 f3 33. Nc1 Nf4 34. d6 Qf5 35. d7 Rd8 36. g4 Nxh3+ 37. Kh2 Qxg4 0-1

[Event "Early-Titled-Tuesday-Blitz-April-02-2024"]
[Site "Chess.com"]
[Date "2024.04.02"]
[Round "5"]
[White "krstulov_alex"]
[Black "alexrustemov"]
[Result "1-0"]
[WhiteElo "2683"]
[BlackElo "2881"]
[TimeControl "180+1"]
[EndTime "8:55:32 PDT"]
[Termination "krstulov_alex won on time"]

1. d4 g6 2. c4 Bg7 3. Nf3 d6 4. Nc3 c5 5. d5 Bxc3+ 6. bxc3 f5 7. Qc2 Qa5 8. Rb1 Nd7 9. e4 fxe4 10. Ng5 Ngf6 11. Ne6 a6 12. Be2 Ne5 13. O-O Bxe6 14. dxe6 Qc7 15. Bh6 Rg8 16. Bg5 Qc6 17. f3 O-O-O 18.
Bxf6 exf6 19. f4 Nd3 20. Bxd3 exd3 21. Qxd3 f5 22. Qd5 Rge8 23. a4 Re7 24. a5 Qxd5 25. cxd5 c4 26. Rb6 Rc7 27. Rfb1 h6 28. h4 h5 29. Kf2 Rc5 30. Rxb7 Rxd5 31. Rb8+ Kc7 32. R1b7+ Kc6 33. Rb6+ Kc7 34. R8b7+ Kc8 35. Rb8+ Kc7 36. R6b7+ Kc6 37. Rxd8 Kxb7 38. e7 Rd2+ 39. Kf1 Rd1+ 40. Ke2 1-0